 Dungeon Crawl Stone Soup version 0.30-a0-313-gae38170b09 (webtiles) character file.

Game seed: 5416191571022066375

7 timeteddy999 the Conjurer (level 2, -1/17 HPs)
             Began as a Tengu Reaver on Oct 26, 2022.
             Slain by an adder (3 damage)
             ... on level 2 of the Dungeon.
             The game lasted 00:03:01 (199 turns).

timeteddy999 the Conjurer (Tengu Reaver)             Turns: 199, Time: 00:03:02

Health: -1/17      AC:  3    Str: 12    XL:     2   Next: 0%
Magic:  6/6        EV:  8    Int: 13    God:
Gold:   15         SH:  0    Dex: 12    Spells: 4/5 levels left

rFire   . . .      SeeInvis .    j - staff of air
rCold   . . .      Faith    .    (no shield)
rNeg    . . .      Spirit   .    b - +0 leather armour
rPois   .          Reflect  .    (helmet restricted)
rElec   +          Harm     .    (no cloak)
rCorr   .          Rampage  .    (no gloves)
Will    .....                    (boots unavailable)
Stlth   +.........               (no amulet)
HPRegen 0.22/turn                (no ring)
MPRegen 0.10/turn                (no ring)

@: lethally poisoned (-1 -> -2), constricted
A: beak, talons 3
a: no special abilities


You were on level 2 of the Dungeon.
You visited 1 branch of the dungeon, and saw 2 of its levels.

You collected 15 gold pieces.

Inventory:

Hand Weapons
 a - a +0 falchion
 d - a +0 dagger
 f - a +0 dagger
 g - a +0 short sword
Missiles
 h - 4 stones
Armour
 b - a +0 leather armour (worn)
 e - a +0 robe
Magical Staves
 j - a staff of air (weapon)
Scrolls
 c - a scroll of butterflies {unknown}
 i - a scroll of identify {unknown}


   Skills:
 + Level 2.0 Fighting
 + Level 3.6 Long Blades
 + Level 2.2 Dodging
 + Level 2.0 Spellcasting
 + Level 4.0 Conjurations


You had 4 spell levels left.
You knew the following spells:

 Your Spells              Type           Power      Damage    Failure   Level
a - Kiss of Death         Conj/Necr      24%        2d7       14%         1

Your spell library contained the following spells:

 Spells                   Type           Power      Damage    Failure   Level
 Momentum Strike          Conj/Tloc      12%        3d8       22%         2
 Hailstorm                Conj/Ice       6%         3d4       38%         3


Dungeon Overview and Level Annotations

Branches:
Dungeon (2/15)

Altars:


Innate Abilities, Weirdness & Mutations

You have a beak for a mouth.
You have claws for feet.


Message History

A ball python comes into view.
Found 2 gold pieces.
The ball python hisses angrily.
The ball python closely misses you. The ball python grabs you.
The ball python constricts you.
You hit the ball python. You peck the ball python.
You kill the ball python!
An adder and a bat come into view.
Found 3 poisoned darts.
The adder hisses angrily.
You hear an angry hiss.
The bat hits you.
A ball python comes into view.
You see here 2 gold pieces.
You hit the bat. Your peck misses the bat.
The bat is severely wounded.
The bat hits you but does no damage.
You closely miss the bat.
The bat is severely wounded.
The bat hits you but does no damage.
You hit the bat.
You kill the bat!
The adder bites you.
You have reached level 2!
You closely miss the adder. The adder bites you but does no damage.
The adder bites you.
You are poisoned.
The adder poisons you!
You hit the adder.
The adder is lightly wounded.
You feel sick. The adder closely misses you. The ball python bites you.
The ball python grabs you. The ball python constricts you.
You closely miss the adder. Your peck misses the adder.
The adder is lightly wounded.
You feel sick. The adder bites you.
* * * LOW HITPOINT WARNING * * *
The ball python bites you but does no damage.
The ball python constricts you.
* * * LOW HITPOINT WARNING * * *
The adder bites you.
You die...

###.. #.... ..#
##########.... ..... ...
...........##
.....##.#####.######....
........................
.......###.######......
(.........# ###....
####.....## #....
#...†@S..# ..#..
#..####S...# .##..
##....# .#..# #.#.....
... ........ .........
......... .......


You could see an adder and a ball python.

Vanquished Creatures
  An endoplasm (D:2)
  A giant cockroach (D:1)
  A goblin (D:1)
  A ball python (D:2)
  2 bats (D:2)
  A kobold (D:2)
7 creatures vanquished.

Notes
Turn   | Place    | Note
-------+----------+-------------------------------------------
     0 | D:1      | timeteddy999 the Tengu Reaver began the quest for the Orb.
     0 | D:1      | Reached XP level 1. HP: 12/12 MP: 4/4
   109 | D:1      | You fall into a shaft and drop 1 floor!
   197 | D:2      | Reached XP level 2. HP: 13/17 MP: 6/6
   199 | D:2      | Slain by an adder

Illustrated notes

Levels and vault maps discovered:
D:1:      evilmike_arrival_hilbert_curve, layout_basic,
          shapermc_ecumenical_altar_flowoftime, st_stairs_5,
          wander_ebering_terrifying_dragon_lair
D:2:      layout_rooms, uniq_sigmund

Action                   || total
-------------------------++-------
Melee: Falchion          ||    11
       Staff             ||     8
       Kick              ||     3
       Peck              ||     2
Armor: Leather armour    ||     5
Dodge: Dodged            ||     9

Table legend: (Time is in decaauts)
 A = Elapsed time spent in this place.
 B = Non-inter-level travel time spent in this place.
 C = Inter-level travel time spent in this place.
 D = Time resting spent in this place.
 E = Time spent auto-exploring this place.
 F = Levels seen in this place.
 G = Mean time per level.
                   A        B        C        D        E       F      G
               +--------+--------+--------+--------+--------+-----+--------+
         Total |    201 |     54 |    147 |      0 |      0 |   2 |  100.5 |
       Dungeon |    201 |     54 |    147 |      0 |      0 |   2 |  100.5 |
               +--------+--------+--------+--------+--------+-----+--------+

Top non-repeatable levels by time:
     D:1: 109 daAuts
     D:2: 91 daAuts
